 Dungeon Crawl Stone Soup version 0.28.0-1-gb440e238dd (webtiles) character file.

Game seed: 5953939953475131733

315 Kaptain the Magician (level 6, -8/33 HPs)
             Began as a Deep Elf Earth Elementalist on Feb 23, 2022.
             Killed by divine providence
             ... invoked by an orc priest
              (12 damage)
             ... on level 3 of the Dungeon.
             The game lasted 00:04:15 (2561 turns).

Kaptain the Magician (Deep Elf Earth Elementalist)  Turns: 2561, Time: 00:04:16

Health: -8/33      AC:  4    Str:  5    XL:     6   Next: 20%
Magic:  2/16       EV: 12    Int: 22    God:
Gold:   138        SH:  0    Dex: 15    Spells: 11/15 levels left

rFire   . . .      SeeInvis .   k - +1 trident
rCold   . . .      Faith    .   (no shield)
rNeg    . . .      Spirit   .   d - +0 leather armour
rPois   .          Reflect  .   (no helmet)
rElec   .          Harm     .   (no cloak)
rCorr   .          Rampage  .   l - +0 pair of gloves
Will    .....                   (no boots)
Stlth   ++........              (no amulet)
HPRegen 0.11/turn               (no ring)
MPRegen 0.15/turn               (no ring)

@: no status effects
A: no striking features
a: no special abilities


You were on level 3 of the Dungeon.
You visited 1 branch of the dungeon, and saw 3 of its levels.

You collected 138 gold pieces.

Inventory:

Hand Weapons
 e - a +0 dagger
 f - a +0 mace
 g - a +0 hunting sling
 k - a +1 trident (weapon)
Missiles
 c - 7 stones
 i - 47 sling bullets
 j - 6 poisoned darts
Armour
 d - a +0 leather armour (worn)
 l - a +0 pair of gloves (worn)
Jewellery
 m - a ring of poison resistance
Scrolls
 a - 2 scrolls of enchant weapon
 b - a scroll of identify
Potions
 h - 2 potions of resistance


   Skills:
 - Level 0.8 Fighting
 - Level 0.5 Armour
 - Level 2.7 Dodging
 - Level 2.7 Stealth
 * Level 5.4 Spellcasting
 * Level 3.2 Conjurations
 - Level 1.1 Transmutations
 * Level 5.0 Earth Magic


You had 11 spell levels left.
You knew the following spells:

 Your Spells              Type           Power      Damage    Failure   Level
a - Sandblast             Erth           56%        2d13      1%          1
b - Stone Arrow           Conj/Erth      48%        3d10      9%          3

Your spell library contained the following spells:

 Spells                   Type           Power      Damage    Failure   Level
 Passwall                 Tmut/Erth      15%        N/A       7%          2
 Petrify                  Tmut/Erth      19%        N/A       41%         4
 Confusing Touch          Hex            6%         N/A       43%         3
 Yara's Violent Unravell  Hex/Tmut       4%         3d4       98%         5
 Enfeeble                 Hex            3%         N/A       100%        7


Dungeon Overview and Level Annotations

Branches:
Dungeon (3/15)

Altars:


Message History

Aiming: Sandblast (safe; 1% risk of failure)
Press: ? - help, Shift-Dir - straight line, f - orc priest
Aim: an orc priest, wielding a +0 falchion and wearing a +0 chain mail (86% to hit)
The blast of sand hits the orc priest.
The orc priest is moderately wounded.
Casting: Sandblast (safe; 1% risk of failure)
Confirm with . or Enter, or press ? or * to list all spells.
Aiming: Sandblast (safe; 1% risk of failure)
Press: ? - help, Shift-Dir - straight line, f/p - orc priest
Aim: an orc priest, wielding a +0 falchion and wearing a +0 chain mail (moderately wounded, 86% to hit)
The blast of sand hits the orc priest but does no damage.
The orc priest is moderately wounded.
The orc priest invokes the aid of Beogh against you.
Beogh smites you!
* * * LOW HITPOINT WARNING * * *
Casting: Sandblast (safe; 1% risk of failure)
Confirm with . or Enter, or press ? or * to list all spells.
Aiming: Sandblast (safe; 1% risk of failure)
Press: ? - help, Shift-Dir - straight line, f/p - orc priest
Aim: an orc priest, wielding a +0 falchion and wearing a +0 chain mail (moderately wounded, 86% to hit)
The blast of sand misses the orc priest.
Casting: Sandblast (safe; 1% risk of failure)
Confirm with . or Enter, or press ? or * to list all spells.
Aiming: Sandblast (safe; 1% risk of failure)
Press: ? - help, Shift-Dir - straight line, f/p - orc priest
Aim: an orc priest, wielding a +0 falchion and wearing a +0 chain mail (moderately wounded, 86% to hit)
The blast of sand hits the orc priest.
The orc priest is heavily wounded.
The orc priest hits you with a +0 falchion.
* * * LOW HITPOINT WARNING * * *
Casting: Sandblast (safe; 1% risk of failure)
Confirm with . or Enter, or press ? or * to list all spells.
Aiming: Sandblast (safe; 1% risk of failure)
Press: ? - help, Shift-Dir - straight line, f/p - orc priest
Aim: an orc priest, wielding a +0 falchion and wearing a +0 chain mail (heavily wounded, 86% to hit)
The blast of sand hits the orc priest but does no damage.
The orc priest is heavily wounded.
The orc priest mumbles some strange prayers to Beogh against you.
Beogh smites you!
You die...

#.####
#..n.#
####.#
#n####
#....#
####.#
#.#
#o#
#@#
#.#
#)###
#..<#
#####


You could see an orc priest.

Vanquished Creatures
  Sigmund (D:3)
  A necrophage (D:3)
  3 adders
  2 worms (D:2)
  A dart slug (D:1)
  3 ball pythons (D:1)
  4 endoplasms
  5 goblins
  3 hobgoblins
  6 jackals (D:1)
  A quokka (D:2)
  A bat (D:1)
  3 frilled lizards (D:1)
  3 kobolds
  6 rats
43 creatures vanquished.

Vanquished Creatures (others)
  5 fungi (D:1)
  4 toadstools (D:1)
9 creatures vanquished.

Grand Total: 52 creatures vanquished

Notes
Turn   | Place    | Note
-------+----------+-------------------------------------------
     0 | D:1      | Kaptain the Deep Elf Earth Elementalist began the quest for
                  | the Orb.
     0 | D:1      | Reached XP level 1. HP: 10/10 MP: 6/6
   199 | D:1      | Reached XP level 2. HP: 11/15 MP: 6/8
   740 | D:1      | Reached XP level 3. HP: 20/20 MP: 9/9
   744 | D:1      | Learned a level 3 spell: Stone Arrow
  1731 | D:2      | HP: 1/20 [worm (5)]
  2329 | D:2      | Reached skill level 1 in Conjurations
  2472 | D:3      | Noticed Sigmund
  2475 | D:3      | Killed Sigmund
  2476 | D:3      | Reached skill level 5 in Spellcasting
  2476 | D:3      | Reached XP level 4. HP: 24/24 MP: 9/13
  2476 | D:3      | Reached XP level 5. HP: 28/28 MP: 9/14
  2531 | D:3      | Noticed a necrophage
  2556 | D:3      | Killed a necrophage
  2557 | D:3      | Reached skill level 5 in Earth Magic
  2557 | D:3      | Reached XP level 6. HP: 21/33 MP: 6/16
  2561 | D:3      | Killed from afar by an orc priest

Illustrated notes

Levels and vault maps discovered:
D:1:      heliophobic_arrival_dark_side_of_the_moon, layout_loops_ring,
          chequers_serial_rivers_micro_e, minmay_gold_behind_fungi
D:2:      layout_loops_cross, minmay_tall_x
D:3:      layout_basic, minmay_cut_off, uniq_natasha, uniq_sigmund, uniq_grinder

Skill      XL: |  1  2  3  4  5 |
---------------+----------------+-----
Conjurations   | 2 3 |  3.2
Spellcasting   | 5 |  5.4
Earth Magic    | 4 5 |  5.0
Fighting       | |  0.8
Armour         | |  0.5
Dodging        | |  2.7
Stealth        | |  2.7
Transmutations | |  1.1

Action                   |  1- 3 |  4- 6 || total
-------------------------+-------+-------++-------
Melee: Dagger            |     8 |       ||     8
       Mace              |     7 |       ||     7
       Trident           |    26 |       ||    26
       Punch             |     1 |       ||     1
 Cast: Sandblast         |    34 |    10 ||    44
       Stone Arrow       |       |     2 ||     2
  Use: Scroll            |     2 |       ||     2
 Stab: Sleeping          |     4 |       ||     4
       Distracted        |     1 |       ||     1
Armor: Leather armour    |    13 |       ||    13
Dodge: Dodged            |    20 |     1 ||    21
